AoeStats
← albanplumed

Nomad

507158890Analyzed
4v4 RM · 15d ago on Sep 16, 2026· 28m 16s· 8 players
Game mode
Random Map
Map size
231×231
Population
200
Speed
Normal
Resources
Standard
Victory
Conquest
Starting age
Dark Age
Ending age
Imperial Age
RankedLock teamsTeams togetherTeam positionsShared explorationLock speedFull tech treeHidden civsTurbo modeCheats
Victory
Defeat
🇹🇷 Persians · Türkiye
1449
+11
🇹🇷 Spanish · Türkiye
1418
+12
🇹🇷 Vietnamese · Türkiye
1335
+15
🇹🇷 Berbers · Türkiye
1314
+16
🇨🇳 Hindustanis · China
1372
-15
🇺🇸 Britons · United States
1335
-14
🇪🇨 Vietnamese · Ecuador
1313
-13
🇬🇧 Bengalis · United Kingdom
1278
-12
abli30
4:27 Loom
14:52 Feudal Age
15:25 Double-Bit Axe
15:31 Gold Mining
20:43 Castle Age
19:10 Fletching
19:50 Fishing Lines
21:49 Wheelbarrow
21:37 Bow Saw
21:28 Horse Collar
22:20 Medium Warships
22:20 Heavy Plow
27:46 Stone Mining
27:48 Town Watch
JokaDaJesta
3:52 Loom
13:54 Feudal Age
14:05 Feudal Age
15:09 Town Watch
18:01 Castle Age
17:57 Fletching
18:08 Double-Bit Axe
25:28 Wheelbarrow
Faith
9:42 Loom
13:14 Feudal Age
17:09 Castle Age
19:05 Horse Collar
25:24 Wheelbarrow
25:26 Gold Mining
26:32 Scale Mail Armor
26:39 Scale Barding Armor
26:32 Town Watch
Poeta Abatido
7:20 Loom
13:45 Feudal Age
23:27 Castle Age
22:24 Double-Bit Axe
22:34 Fletching
23:34 Crossbowman
24:14 Bodkin Arrow
25:02 Crossbowman
26:30 Padded Archer Armor
ysk
5:27 Loom
15:26 Feudal Age
16:32 Town Watch
20:16 Castle Age
23:45 Horse Collar
Sem
3:17 Loom
15:14 Feudal Age
19:01 Castle Age
OsmanAbi
5:56 Loom
13:16 Feudal Age
13:56 Double-Bit Axe
15:46 Fishing Lines
18:54 Town Watch
21:40 Castle Age
20:43 Forging
22:37 Medium Warships
24:39 Bow Saw
25:21 Iron Casting
27:04 Gillnets
28:10 Wheelbarrow
27:35 Town Patrol
albanplumed
3:52 Loom
4:27 Loom
13:45 Feudal Age
19:44 Castle Age
19:53 Double-Bit Axe
19:52 Horse Collar
20:47 Bow Saw
20:46 Scale Barding Armor
21:23 Bloodlines
21:53 Chain Barding Armor
21:36 Husbandry
21:33 Gold Mining
22:41 Forging
Connection lost

Rejoining the realm…

Still unreachable

The connection could not be restored.

Session expired

The server has moved on; the page needs a fresh start.